 Dungeon Crawl Stone Soup version 0.29.0-4-gdea44cf6ec (webtiles) character file.

Game seed: 4615590127027474212

116 qw the Chopper (level 5, 0/30 HPs)
             Began as a Tengu Warper on Aug 28, 2022.
             Slain by a gnoll
             ... wielding a +0 halberd
             ... led by a gnoll bouda
              (7 damage)
             ... on level 3 of the Dungeon.
             The game lasted 00:00:11 (2483 turns).

qw the Chopper (Tengu Warper)                       Turns: 2483, Time: 00:00:12

Health: 0/30       AC:  8    Str: 13    XL:     5   Next: 0%
Magic:  9/9        EV:  7    Int: 14    God:
Gold:   114        SH:  0    Dex: 13    Spells: 8/8 levels left

rFire   . . .      SeeInvis .   Y - +0 hand axe (venom)
rCold   . . .      Faith    .   (no shield)
rNeg    . . .      Spirit   .   o - +0 chain mail
rPois   .          Reflect  .   (helmet restricted)
rElec   .          Harm     .   (no cloak)
rCorr   .          Rampage  .   (no gloves)
Will    .....                   (boots unavailable)
Stlth   ..........              (no amulet)
HPRegen 0.10/turn               (no ring)
MPRegen 0.11/turn               (no ring)

@: flying quickly and evasively, quick
A: beak, talons 3, nimble flight
a: no special abilities


You were on level 3 of the Dungeon.
You visited 1 branch of the dungeon, and saw 3 of its levels.

You collected 114 gold pieces.


Innate Abilities, Weirdness & Mutations

You have a beak for a mouth.
You have claws for feet.
Your magical nature lets you fly swiftly and evasively.


   Skills:
 - Level 2.0 Fighting
 + Level 5.5 Axes
 - Level 1.0 Throwing
 - Level 1.1 Armour
 - Level 2.1 Dodging
 - Level 2.0 Spellcasting
 - Level 2.4 Translocations


You had 8 spell levels left.
You didn't know any spells.
Your spell library contained the following spells:

 Spells                   Type           Power      Damage    Failure   Level
 Blink                    Tloc           16%        N/A       99%         2
 Gell's Gravitas          Tloc           8%         N/A       100%        3
 Lesser Beckoning         Tloc           8%         N/A       100%        3
 Teleport Other           Tloc           8%         N/A       100%        3
 Manifold Assault         Tloc           8%         N/A       100%        5

Inventory:

Hand Weapons
 c - a +0 mace
 Y - a +0 hand axe of venom (weapon)
Missiles
 i - 5 boomerangs (quivered)
Armour
 o - a +0 chain mail (worn)
Potions
 b - a potion of invisibility {unknown}
 h - a potion of mutation {unknown}
 p - a potion of resistance {unknown}

Dungeon Overview and Level Annotations

Branches:
Dungeon (3/15)

Altars:


Message History

You closely miss the gnoll bouda. Your kick misses the gnoll bouda.
The gnoll bouda is almost dead.
The gnoll hits you from afar with a +0 halberd!
The gnoll bouda hits you but does no damage.
You hit the gnoll bouda.
The gnoll bouda looks as sick as possible!
You claw the gnoll bouda, but do no damage.
The gnoll bouda is almost dead.
You kill the gnoll bouda!
The gnoll hits you from afar with a +0 halberd!
2476 ||| DRINKING potion of heal wounds.
You feel much better.
The gnoll hits you from afar with a +0 halberd.
The endoplasm hits you but does no damage.
You hit the endoplasm.
The endoplasm is severely wounded.
The endoplasm freezes you.
You are frozen.
The gnoll closely misses you.
You hit the endoplasm but do no damage.
The endoplasm is severely wounded.
The gnoll hits you from afar with a +0 halberd.
The endoplasm freezes you.
You are frozen.
You hit the endoplasm.
You kill the endoplasm!
The gnoll hits you but does no damage.
You have reached level 5!
Your magical nature develops, letting you fly swiftly and evasively.
The gnoll hits you with a +0 halberd.
A dart slug comes into view.
Things that are here:
a +0 club; a +0 leather armour; a +0 flail You closely miss the gnoll.
The gnoll barely misses you.
You closely miss the gnoll. Your kick misses the gnoll.
The gnoll barely misses you.
You completely miss the gnoll. Your kick misses the gnoll.
Your attacks no longer feel as feeble.
The gnoll hits you with a +0 halberd!
You die...

#...>......# #.##.#
#.###.<.###.# #.##.#
#.......###.#####.##.#
#.#........>.........#
##.................#
##..########.###......
#..# #.# ..#### #..#
#.# ..# #..# #@# .#
#.g....# ..###..# ##..
.. ###


You could see a gnoll.

Vanquished Creatures
  A gnoll bouda (D:3)
  Terence (D:2)
  A gnoll (D:3)
  A dart slug (D:2)
  6 ball pythons
  7 endoplasms
  A giant cockroach (D:2)
  4 hobgoblins
  4 jackals (D:1)
  A quokka (D:1)
  7 bats
  2 frilled lizards (D:1)
  3 goblins (D:2)
  5 kobolds
  5 rats
49 creatures vanquished.

Notes
Turn   | Place    | Note
-------+----------+-------------------------------------------
     0 | D:1      | qw the Tengu Warper began the quest for the Orb.
     0 | D:1      | Reached XP level 1. HP: 12/12 MP: 4/4
     0 | D:1      | 0 ||| qw: Version: 0.1-a-89-g26bdef1
     0 | D:1      | 0 ||| qw: Game counter: 2460
     0 | D:1      | 0 ||| qw: Always use a shield: true
     0 | D:1      | 0 ||| qw: God list: Okawaru
     0 | D:1      | 0 ||| qw: Allow faded altars: false
     0 | D:1      | 0 ||| qw: Do Orc after D:15 true
     0 | D:1      | 0 ||| qw: Do second Lair branch before Depths: true
     0 | D:1      | 0 ||| qw: Lair rune preference: random
     0 | D:1      | 0 ||| qw: Plans: Normal
     0 | D:1      | 0 ||| PLANNING D:1-11
   299 | D:1      | Reached skill level 3 in Axes
   299 | D:1      | Reached XP level 2. HP: 11/17 MP: 6/6
   646 | D:1      | Found a faded altar of an unknown god.
  1009 | D:1      | 1009 ||| Stepping ~*~*~tactically~*~*~ (stealth).
  1010 | D:1      | 1010 ||| Stepping ~*~*~tactically~*~*~ (stealth).
  1088 | D:1      | 1088 ||| UPGRADING to +0 chain mail.
  1098 | D:1      | 1098 ||| DROPPING +0 leather armour.
  1099 | D:1      | 1099 ||| READING scroll labelled HIUSICWALLU.
  1100 | D:1      | 1100 ||| READING scroll labelled MURIK URHUEQOZ.
  1101 | D:1      | 1101 ||| READING scroll labelled JUVELE QIEV.
  1102 | D:1      | 1102 ||| READING scroll labelled COHIOR POUFYH.
  1103 | D:1      | 1103 ||| READING scroll labelled DISERU ZUMO.
  1104 | D:1      | 1104 ||| READING scroll labelled XYUPOR GUHU.
  1105 | D:1      | 1105 ||| READING scroll labelled KAT PEHEMERCH.
  1106 | D:1      | 1106 ||| DRINKING 2 purple potions.
  1107 | D:1      | 1107 ||| DROPPING scroll of blinking.
  1150 | D:2      | Reached XP level 3. HP: 21/21 MP: 7/7
  1181 | D:2      | 1181 ||| Stepping ~*~*~tactically~*~*~ (stealth).
  1184 | D:2      | 1184 ||| Stepping ~*~*~tactically~*~*~ (stealth).
  1185 | D:2      | 1185 ||| Stepping ~*~*~tactically~*~*~ (stealth).
  1186 | D:2      | 1186 ||| Stepping ~*~*~tactically~*~*~ (stealth).
  1194 | D:2      | Noticed Terence
  1203 | D:2      | Killed Terence
  1204 | D:2      | Reached skill level 4 in Axes
  1455 | D:2      | Reached XP level 4. HP: 26/26 MP: 8/8
  1871 | D:2      | 1871 ||| Stepping ~*~*~tactically~*~*~ (hiding).
  2009 | D:2      | 2009 ||| DROPPING +0 club.
  2133 | D:2      | 2133 ||| Stepping ~*~*~tactically~*~*~ (hiding).
  2243 | D:2      | 2243 ||| READING 3 scrolls labelled SION VEOWE.
  2385 | D:2      | 2385 ||| DROPPING 2 scrolls of torment.
  2463 | D:3      | 2463 ||| Stepping ~*~*~tactically~*~*~ (hiding).
  2469 | D:3      | Reached skill level 5 in Axes
  2475 | D:3      | HP: 2/26 [gnoll/+0 halberd[a gnoll bouda] (7)]
  2476 | D:3      | 2476 ||| DRINKING potion of heal wounds.
  2480 | D:3      | Gained mutation: Your magical nature lets you fly swiftly
                  | and evasively. [Tengu growth]
  2480 | D:3      | Reached XP level 5. HP: 13/30 MP: 9/9
  2480 | D:3      | HP: 7/30 [gnoll/+0 halberd[a gnoll bouda] (6)]
  2483 | D:3      | Slain by a gnoll

Levels and vault maps discovered:
D:1:      matt_arrival_spirals, layout_basic,
          shapermc_ecumenical_altar_rom_forum, serial_corexii_hall,
          corexii_hall_statues_s, chequers_hall_statues_y
D:2:      layout_basic, uniq_terence
D:3:      layout_loops_ring, minmay_stone_trees_large, grunt_ministairs_1,
          dk_noncrumbling_3, minmay_fractal_squares_diagonal_5

Skill      XL: |  1  2  3  4 |
---------------+-------------+-----
Axes           | 3 4 5 |  5.5
Fighting       | |  2.0
Throwing       | |  1.0
Armour         | |  1.1
Dodging        | |  2.1
Spellcasting   | |  2.0
Translocations | |  2.4

Action                   |  1- 3 |  4- 6 || total
-------------------------+-------+-------++-------
Melee: Hand axe          |    53 |    38 ||    91
       Kick              |    10 |     6 ||    16
       Peck              |     5 |     5 ||    10
Throw: Boomerang         |    29 |    16 ||    45
  Use: Scroll            |     7 |     1 ||     8
       Potion            |     1 |     1 ||     2
Armor: Leather armour    |    10 |       ||    10
       Chain mail        |    11 |    22 ||    33
Dodge: Dodged            |    26 |    14 ||    40

Table legend:
 A = Non-vault XP
 B = Vault XP
 C = Vault XP percentage of total XP
 D = Non-vault monster count
 E = Vault monster count
 F = Vault count percentage of total count
                 A         B        C        D         E       F
            +---------+---------+-------+---------+---------+-------
      Total |     130 |      36 |  21.7 |      48 |       1 |   2.0
            +---------+---------+-------+---------+---------+-------
        D:1 |      33 |       0 |   0.0 |      21 |       0 |   0.0
        D:2 |      40 |      36 |  47.4 |      23 |       1 |   4.2
        D:3 |      57 |       0 |   0.0 |       4 |       0 |   0.0
            +---------+---------+-------+---------+---------+-------
